[Event "European Online Club-ch-B 2021"]
[Site "Online"]
[Date "2021.03.27"]
[Round "8.1"]
[White "Chlpik, Martin"]
[Black "Brunner, Nicolas"]
[Result "0-1"]
[ECO "D02"]
[WhiteElo "2199"]
[BlackElo "2418"]
[Annotator "NA"]
[PlyCount "108"]
[EventDate "2021.03.27"]
[EventType "team-tourn"]
[EventCountry "NET"]
[SourceTitle "playchess.com"]
[Source "ChessBase"]
[SourceQuality "1"]
[TimeControl "900+5"]

1. d4 d5 2. Bf4 Nf6 3. e3 e6 4. Nd2 c5 5. c3 Nc6 6. Ngf3 Bd6 7. Bg3 O-O 8. Bd3 b6 9. Ne5 Bb7 10. f4 Ne7 11. Qb1 g6 12. Bf2 cxd4 13. exd4 Nh5 14. g3 f6 15. Nef3 Qc8 16. O-O Ba6 17. Bxa6 Qxa6 18. Qe1 Ng7 19. Be3 Nef5 20. g4 Nxe3 21. Qxe3 Rae8 22. Rae1 b5 23. a3 Qc6 24. Rf2 Qc7 25. Nh4 e5 26. fxe5 fxe5 27. Rxf8+ Rxf8 28. Qe2 e4 29. Nf1 Qc6 30. Ne3 Ne6 31. Nhg2 Ng5 32. Rf1 Nf3+ 33. Kh1 Bxh2 34. Ne1 Nxe1 35. Rxf8+ Kxf8 36. Qxh2 Qf6 37. Qb8+ Kg7 38. Qc7+ Kh6 39. Qh2+ Kg5 40. Qe5+ Qxe5 41. dxe5 Nd3 42. e6 Kf6 43. Nxd5+ Kxe6 44. Nc7+ Ke5 45. Nxb5 e3 46. Nd4 Nxb2 47. Kg2 Kf4 48. Kf1 Kxg4 49. Ke2 h5 50. Kxe3 Nc4+ 51. Kf2 Nxa3 52. Nc6 a6 53. Nb4 a5 54. Nc6 Nc4 0-1

[Event "European Online Club-ch-B 2021"]
[Site "Online"]
[Date "2021.03.27"]
[Round "8.2"]
[White "Mathieu, Phileas"]
[Black "Solcan, Martin"]
[Result "0-1"]
[ECO "B27"]
[WhiteElo "2240"]
[BlackElo "2076"]
[Annotator "NA"]
[PlyCount "88"]
[EventDate "2021.03.27"]
[EventType "team-tourn"]
[EventCountry "NET"]
[SourceTitle "playchess.com"]
[Source "ChessBase"]
[SourceQuality "1"]
[TimeControl "900+5"]

1. e4 c5 2. Nf3 g6 3. c3 Bg7 4. d4 cxd4 5. cxd4 d5 6. e5 Bg4 7. Nbd2 Nc6 8. Be2 Nh6 9. O-O Nf5 10. h3 Bxf3 11. Nxf3 Qb6 12. Be3 Nxe3 13. fxe3 Bh6 14. Qd2 f6 15. exf6 exf6 16. Rae1 O-O 17. Bd1 Rae8 18. Bb3 Qb5 19. Qf2 Na5 20. Nd2 Nxb3 21. Nxb3 b6 22. Re2 Qd3 23. Rfe1 f5 24. Qf3 Re4 25. Nd2 Bxe3+ 26. Kh1 f4 27. Nxe4 dxe4 28. Qg4 Rf5 29. Qh4 Qxd4 30. Qe7 Rf7 31. Qe8+ Kg7 32. Qe6 Qd3 33. Qe5+ Kh6 34. Qe8 Qd5 35. b3 Rf5 36. Qe7 Rf7 37. Qb4 a5 38. Qa4 Rc7 39. Qe8 Qf5 40. Rf1 f3 41. Rxe3 fxg2+ 42. Kxg2 Rc2+ 43. Kg1 Qg5+ 44. Kh1 Qg2# 0-1

[Event "European Online Club-ch-B 2021"]
[Site "Online"]
[Date "2021.03.27"]
[Round "8.3"]
[White "Lecky, Juraj"]
[Black "Adrian, Leopold"]
[Result "0-1"]
[ECO "C16"]
[WhiteElo "2070"]
[BlackElo "2009"]
[Annotator "NA"]
[PlyCount "48"]
[EventDate "2021.03.27"]
[EventType "team-tourn"]
[EventCountry "NET"]
[SourceTitle "playchess.com"]
[Source "ChessBase"]
[SourceQuality "1"]
[TimeControl "900+5"]

1. e4 e6 2. d4 d5 3. Nc3 Bb4 4. e5 Ne7 5. a3 Bxc3+ 6. bxc3 b6 7. Qg4 Ng6 8. h4 h5 9. Qg3 Ba6 10. Bxa6 Nxa6 11. Qd3 Nb8 12. Nf3 Qc8 13. Ng5 Ne7 14. c4 c6 15. Nf3 Qa6 16. Nd2 Nf5 17. Bb2 Nd7 18. g3 O-O-O 19. a4 dxc4 20. Nxc4 Nc5 21. Qc3 Nxd4 22. Ba3 Nxc2+ 23. Qxc2 Nd3+ 24. Kf1 Nxe5 0-1

[Event "European Online Club-ch-B 2021"]
[Site "Online"]
[Date "2021.03.27"]
[Round "8.4"]
[White "Venard, Paul-Andre"]
[Black "Nikel, Rastislav"]
[Result "0-1"]
[ECO "A89"]
[WhiteElo "2048"]
[BlackElo "1984"]
[Annotator "NA"]
[PlyCount "78"]
[EventDate "2021.03.27"]
[EventType "team-tourn"]
[EventCountry "NET"]
[SourceTitle "playchess.com"]
[Source "ChessBase"]
[SourceQuality "1"]
[TimeControl "900+5"]

1. d4 f5 2. Nf3 g6 3. g3 Bg7 4. Bg2 d6 5. O-O Nc6 6. d5 Ne5 7. Nxe5 dxe5 8. c4 Nf6 9. Qb3 O-O 10. Nc3 e4 11. Rd1 h6 12. Be3 Kh7 13. Bd4 a6 14. c5 Qe8 15. Rac1 g5 16. d6 e5 17. Be3 f4 18. Bd2 e3 19. Be1 exf2+ 20. Bxf2 Qh5 21. Bf3 g4 22. Bg2 f3 23. Bf1 c6 24. e4 Rb8 25. Qc4 Bd7 26. b4 Qg6 27. a4 h5 28. b5 axb5 29. axb5 h4 30. Rb1 Nh5 31. Qb4 hxg3 32. hxg3 Rf7 33. bxc6 Bxc6 34. Nd5 Rbf8 35. Ne7 Qh6 36. Nxc6 Nxg3 37. Bxg3 f2+ 38. Bxf2 Rxf2 39. Bg2 g3 0-1

[Event "European Online Club-ch-B 2021"]
[Site "Online"]
[Date "2021.03.27"]
[Round "8.7"]
[White "Navara, David"]
[Black "Rasti, Arvin"]
[Result "1-0"]
[ECO "E90"]
[WhiteElo "2697"]
[BlackElo "2195"]
[Annotator "ChessBase"]
[PlyCount "67"]
[EventDate "2021.03.27"]
[EventType "team-tourn"]
[EventCountry "NET"]
[SourceTitle "playchess.com"]
[Source "ChessBase"]
[SourceQuality "1"]
[TimeControl "900+5"]

1. d4 Nf6 2. c4 c5 3. d5 d6 4. Nc3 g6 5. e4 Bg7 6. Bd3 O-O 7. h3 e6 8. Nf3 Re8 9. O-O Na6 10. Bg5 h6 11. Be3 Nc7 12. Qd2 exd5 13. exd5 Kh7 14. Rfe1 Rb8 15. a4 a6 16. a5 b5 17. axb6 Rxb6 18. Rab1 Bd7 19. Bc2 Qc8 20. Kh2 Bf5 21. b3 Ne4 22. Nxe4 Bxe4 23. Bxc5 Bxc2 24. Bxb6 Bxb1 25. Rxb1 Qf5 26. Re1 Rxe1 27. Qxe1 Na8 28. Ba5 Qd7 29. Qe3 g5 30. Nd4 Nc7 31. Qe4+ Kg8 32. Qf5 Be5+ 33. g3 Qe8 34. Nc6 1-0

[Event "European Online Club-ch-B 2021"]
[Site "Online"]
[Date "2021.03.27"]
[Round "8.8"]
[White "Wengholm, Anders"]
[Black "Ragger, Markus"]
[Result "0-1"]
[ECO "A34"]
[WhiteElo "2198"]
[BlackElo "2680"]
[Annotator "ChessBase"]
[PlyCount "68"]
[EventDate "2021.03.27"]
[EventType "team-tourn"]
[EventCountry "NET"]
[SourceTitle "playchess.com"]
[Source "ChessBase"]
[SourceQuality "1"]
[TimeControl "900+5"]

1. Nf3 c5 2. c4 Nf6 3. Nc3 d5 4. cxd5 Nxd5 5. d4 Nxc3 6. bxc3 g6 7. e3 Bg7 8. Bb5+ Bd7 9. Bd3 Qa5 10. Bd2 O-O 11. O-O Ba4 12. Qe2 Nd7 13. Rab1 Qc7 14. h4 Rac8 15. Rbc1 e5 16. d5 c4 17. Bb1 e4 18. Bxe4 Nf6 19. Bb1 Rfe8 20. Nd4 Qe5 21. Qf3 Qxd5 22. Qxd5 Nxd5 23. h5 Nf6 24. hxg6 hxg6 25. f3 Nd7 26. Be4 Rxe4 27. fxe4 Nc5 28. Be1 Nxe4 29. Rb1 b6 30. Rc1 Re8 31. Bh4 Bh6 32. Rfe1 Nc5 33. Re2 Bxe3+ 34. Kh1 Bxc1 0-1

[Event "European Online Club-ch-B 2021"]
[Site "Online"]
[Date "2021.03.27"]
[Round "8.9"]
[White "Svane, Rasmus"]
[Black "Demidov, Mikhail"]
[Result "1/2-1/2"]
[ECO "B07"]
[WhiteElo "2613"]
[BlackElo "2523"]
[Annotator "ChessBase"]
[PlyCount "66"]
[EventDate "2021.03.27"]
[EventType "team-tourn"]
[EventCountry "NET"]
[SourceTitle "playchess.com"]
[Source "ChessBase"]
[SourceQuality "1"]
[TimeControl "900+5"]

1. Nf3 g6 2. e4 Bg7 3. d4 d6 4. Bd3 Nf6 5. O-O O-O 6. h3 Nc6 7. c3 e5 8. Re1 Re8 9. Nbd2 d5 10. dxe5 Nxe4 11. Nxe4 dxe4 12. Bxe4 Qxd1 13. Rxd1 Nxe5 14. Nxe5 Bxe5 15. Be3 c6 16. Bf3 Be6 17. Rd2 Bc7 18. a3 a6 19. Bd4 Rad8 20. Re2 Bc4 21. Ree1 f5 22. g3 Kf7 23. Kg2 h5 24. Rad1 Bb3 25. Rxe8 Rxe8 26. Rd2 Rd8 27. Re2 Bc4 28. Re1 Re8 29. Rd1 Bb3 30. Rd2 Rd8 31. Re2 Bc4 32. Re1 Re8 33. Rd1 Bb3 1/2-1/2

[Event "European Online Club-ch-B 2021"]
[Site "Online"]
[Date "2021.03.27"]
[Round "8.10"]
[White "Baltag, Iulian"]
[Black "Engel, Luis"]
[Result "1/2-1/2"]
[ECO "E46"]
[WhiteElo "2393"]
[BlackElo "2553"]
[Annotator "ChessBase"]
[PlyCount "65"]
[EventDate "2021.03.27"]
[EventType "team-tourn"]
[EventCountry "NET"]
[SourceTitle "playchess.com"]
[Source "ChessBase"]
[SourceQuality "1"]
[TimeControl "900+5"]

1. d4 Nf6 2. c4 e6 3. Nc3 Bb4 4. e3 O-O 5. Nge2 c6 6. a3 Ba5 7. b4 Bc7 8. Ng3 d5 9. Bb2 Nbd7 10. Be2 dxc4 11. Bxc4 e5 12. dxe5 Nxe5 13. Be2 Be6 14. Nce4 Nxe4 15. Nxe4 Qh4 16. Nc5 Rad8 17. Qc2 b6 18. Nxe6 fxe6 19. g3 Qh3 20. Qe4 Qf5 21. Qxf5 Rxf5 22. Rc1 c5 23. bxc5 bxc5 24. Bxe5 Rxe5 25. O-O Kf7 26. Bc4 Ke7 27. Rfd1 Rxd1+ 28. Rxd1 Rf5 29. f4 Rf8 30. Kf2 g5 31. Ke2 gxf4 32. exf4 e5 33. Bb5 1/2-1/2

[Event "European Online Club-ch-B 2021"]
[Site "Online"]
[Date "2021.03.27"]
[Round "8.11"]
[White "Heinemann, Thies"]
[Black "Andriasyan, Siranush"]
[Result "1-0"]
[ECO "C65"]
[WhiteElo "2502"]
[BlackElo "2298"]
[Annotator "ChessBase"]
[PlyCount "153"]
[EventDate "2021.03.27"]
[EventType "team-tourn"]
[EventCountry "NET"]
[SourceTitle "playchess.com"]
[Source "ChessBase"]
[SourceQuality "1"]
[TimeControl "900+5"]

1. e4 e5 2. Nf3 Nc6 3. Bb5 Nf6 4. Qe2 Bc5 5. c3 O-O 6. d3 d6 7. Nbd2 Ne7 8. O-O Ng6 9. d4 Bb6 10. Rd1 c6 11. Ba4 Nf4 12. Qf1 Qe7 13. Bc2 Bg4 14. h3 Bh5 15. g3 Bxf3 16. Nxf3 Ng6 17. dxe5 dxe5 18. Qe2 Rfd8 19. Be3 Bxe3 20. Qxe3 b6 21. Ba4 Qe6 22. Kg2 h6 23. Bb3 Qe7 24. Qe2 Rxd1 25. Rxd1 Rd8 26. Rxd8+ Qxd8 27. Qc4 Qd7 28. a4 b5 29. Qe2 a6 30. Nd2 c5 31. axb5 axb5 32. Nf1 c4 33. Bc2 Qc6 34. Qf3 Nf8 35. Ne3 Ne6 36. Nd5 Qd6 37. Nxf6+ gxf6 38. Qe3 Kg7 39. h4 Qc5 40. Qe2 b4 41. Ba4 bxc3 42. bxc3 Kh7 43. Be8 Kg7 44. Qh5 Qc7 45. Qg4+ Kf8 46. Bb5 Ke7 47. Qe2 Qc5 48. Qxc4 Qxc4 49. Bxc4 Nc5 50. f3 Na4 51. Kh3 Nxc3 52. Kg4 Kf8 53. Kh5 Kg7 54. Kg4 Nd1 55. Kh3 Ne3 56. Bb3 Nf1 57. Kg2 Nd2 58. Ba2 f5 59. exf5 e4 60. fxe4 Nxe4 61. Kf3 Nc3 62. Bc4 Na4 63. Kf4 Nb6 64. Bb3 Nd7 65. g4 f6 66. Be6 Nc5 67. Bc4 Nd7 68. Bb5 Nb6 69. Ke4 Nc8 70. Kd5 Ne7+ 71. Ke6 Ng8 72. Be8 h5 73. Bxh5 Nh6 74. g5 Ng8 75. Bf7 fxg5 76. hxg5 Kh8 77. Bxg8 1-0

[Event "European Online Club-ch-B 2021"]
[Site "Online"]
[Date "2021.03.27"]
[Round "8.12"]
[White "Pillard, Valentin"]
[Black "Kramer, Julian"]
[Result "0-1"]
[ECO "B53"]
[WhiteElo "2103"]
[BlackElo "2419"]
[Annotator "NA"]
[PlyCount "96"]
[EventDate "2021.03.27"]
[EventType "team-tourn"]
[EventCountry "NET"]
[SourceTitle "playchess.com"]
[Source "ChessBase"]
[SourceQuality "1"]
[TimeControl "900+5"]

1. e4 c5 2. Nf3 d6 3. d4 cxd4 4. Qxd4 Nc6 5. Bb5 a6 6. Bxc6+ bxc6 7. c4 e5 8. Qd3 Ne7 9. O-O Ng6 10. Nc3 Be7 11. Rd1 O-O 12. b3 f5 13. Ba3 Qa5 14. Bxd6 Bxd6 15. Qxd6 Qxc3 16. Qxc6 Ra7 17. Ng5 fxe4 18. Nxe4 Qb2 19. Qd5+ Kh8 20. Qc5 Raf7 21. Rab1 Qxa2 22. Ra1 Qc2 23. f3 Re7 24. Rd6 Ree8 25. Qb6 Qb2 26. Rad1 Bf5 27. R6d2 Qa3 28. Nd6 Rb8 29. Qc7 Be6 30. Ne4 Qxb3 31. c5 Qb7 32. Qd6 Bb3 33. Rb1 a5 34. c6 Qb6+ 35. Kh1 Rbd8 36. Qa3 a4 37. Rxd8 Rxd8 38. Qc1 Rc8 39. Qg5 Qxc6 40. h4 h6 41. Qg4 Bd5 42. Ng3 Qe6 43. Nf5 Rf8 44. h5 Qxf5 45. Qxf5 Rxf5 46. hxg6 a3 47. Rb5 Bg8 48. Ra5 a2 0-1

[Event "European Online Club-ch-B 2021"]
[Site "Online"]
[Date "2021.03.27"]
[Round "8.13"]
[White "Edouard, Romain"]
[Black "Efimov, Igor"]
[Result "1-0"]
[ECO "A43"]
[WhiteElo "2614"]
[BlackElo "2416"]
[Annotator "ChessBase"]
[PlyCount "103"]
[EventDate "2021.03.27"]
[EventType "team-tourn"]
[EventCountry "NET"]
[SourceTitle "playchess.com"]
[Source "ChessBase"]
[SourceQuality "1"]
[TimeControl "900+5"]

1. d4 e6 2. c4 c5 3. d5 exd5 4. cxd5 d6 5. Nc3 g6 6. e4 Bg7 7. f4 Ne7 8. Nf3 O-O 9. Bc4 Bg4 10. O-O Nd7 11. h3 Bxf3 12. Qxf3 Nb6 13. b3 f5 14. Bd2 fxe4 15. Qxe4 Nf5 16. Kh2 Re8 17. Qd3 Nxc4 18. bxc4 Qf6 19. Nb5 Qd8 20. Rae1 Rxe1 21. Rxe1 a6 22. Nc3 Qd7 23. Ne4 b5 24. Ng5 b4 25. Ne6 a5 26. g4 Nd4 27. Nxg7 Qxg7 28. f5 Rf8 29. Bf4 Qf6 30. Qg3 gxf5 31. gxf5+ Kf7 32. Kh1 Rg8 33. Qe3 Nxf5 34. Qe2 Nd4 35. Qe4 Qh4 36. Bxd6 Qxe4+ 37. Rxe4 Nf5 38. Bc7 Ng3+ 39. Bxg3 Rxg3 40. Rh4 a4 41. Rxh7+ Kf6 42. d6 a3 43. Rc7 Rxh3+ 44. Kg2 Rh5 45. Kf3 Ke6 46. d7 Ke7 47. Ke4 Kd8 48. Ra7 Rh2 49. Kd5 Rxa2 50. Kxc5 b3 51. Kc6 Ke7 52. c5 1-0

[Event "European Online Club-ch-B 2021"]
[Site "Online"]
[Date "2021.03.27"]
[Round "8.14"]
[White "Bagheri, Amir"]
[Black "Fontaine, Robert"]
[Result "0-1"]
[ECO "D03"]
[WhiteElo "2348"]
[BlackElo "2550"]
[Annotator "ChessBase"]
[PlyCount "82"]
[EventDate "2021.03.27"]
[EventType "team-tourn"]
[EventCountry "NET"]
[SourceTitle "playchess.com"]
[Source "ChessBase"]
[SourceQuality "1"]
[TimeControl "900+5"]

1. d4 Nf6 2. Nf3 g6 3. Bg5 Bg7 4. Nbd2 d5 5. e3 O-O 6. Be2 c6 7. O-O Qb6 8. Nb3 a5 9. a4 Nbd7 10. c4 Re8 11. Qc2 e5 12. Rfd1 exd4 13. Nbxd4 Nc5 14. Rac1 Nce4 15. Bxf6 Nxf6 16. h3 Bd7 17. Qb3 Qxb3 18. Nxb3 Ne4 19. Nbd4 c5 20. Nb5 Bxb5 21. cxb5 Bxb2 22. Rc2 Bg7 23. Rxd5 b6 24. Bc4 Rad8 25. Nd2 Nc3 26. Rxd8 Rxd8 27. Bb3 Kf8 28. Kf1 Ke7 29. Ke1 f5 30. Rc1 Kd6 31. Nb1 c4 32. Bxc4 Nxa4 33. Rd1+ Ke7 34. Rxd8 Kxd8 35. Bg8 Ke7 36. Kd2 h6 37. Na3 Be5 38. h4 Nc5 39. Nc4 Ne4+ 40. Kc2 Bc7 41. f3 Nf6 0-1

[Event "European Online Club-ch-B 2021"]
[Site "Online"]
[Date "2021.03.27"]
[Round "8.15"]
[White "Sokolov, Andrei"]
[Black "Villegas, Pierre"]
[Result "1-0"]
[ECO "B11"]
[WhiteElo "2516"]
[BlackElo "2367"]
[Annotator "ChessBase"]
[PlyCount "77"]
[EventDate "2021.03.27"]
[EventType "team-tourn"]
[EventCountry "NET"]
[SourceTitle "playchess.com"]
[Source "ChessBase"]
[SourceQuality "1"]
[TimeControl "900+5"]

1. e4 c6 2. Nc3 d5 3. Nf3 dxe4 4. Nxe4 Nf6 5. Nxf6+ exf6 6. Bc4 Bd6 7. Qe2+ Be7 8. d4 O-O 9. Be3 Bd6 10. O-O-O b5 11. Bb3 a5 12. c3 a4 13. Bc2 b4 14. cxb4 a3 15. b3 Na6 16. Bd2 Bxb4 17. Rhe1 Qd6 18. Bd3 Bxd2+ 19. Rxd2 Nb4 20. Bc4 Bg4 21. h3 Bh5 22. g4 Bg6 23. Nh4 Rab8 24. Nxg6 hxg6 25. Qe4 Nd5 26. Bxd5 cxd5 27. Qd3 Rfc8+ 28. Kd1 Qb4 29. Re3 Rb7 30. Ke2 Rbc7 31. Kf1 Rc1+ 32. Kg2 Ra1 33. Qe2 Rcc1 34. Rc2 Rxc2 35. Qxc2 Qxd4 36. Re8+ Kh7 37. Qc8 g5 38. Rh8+ Kg6 39. Qf5# 1-0

[Event "European Online Club-ch-B 2021"]
[Site "Online"]
[Date "2021.03.27"]
[Round "8.16"]
[White "Meylan, Andre"]
[Black "Riff, Jean-Noel"]
[Result "0-1"]
[ECO "B83"]
[WhiteElo "2205"]
[BlackElo "2499"]
[Annotator "ChessBase"]
[PlyCount "58"]
[EventDate "2021.03.27"]
[EventType "team-tourn"]
[EventCountry "NET"]
[SourceTitle "playchess.com"]
[Source "ChessBase"]
[SourceQuality "1"]
[TimeControl "900+5"]

1. e4 c5 2. Nf3 d6 3. d4 cxd4 4. Nxd4 Nf6 5. Nc3 e6 6. Be2 Be7 7. O-O O-O 8. Be3 Nc6 9. f4 e5 10. Nxc6 bxc6 11. Kh1 exf4 12. Bxf4 Be6 13. Qd3 Qb8 14. Qg3 Kh8 15. Rad1 Qxb2 16. Rb1 Qa3 17. Rb7 d5 18. exd5 cxd5 19. Be5 Ne8 20. Bd3 Bf6 21. Nb5 Qa4 22. h3 Qh4 23. Qxh4 Bxh4 24. Nd4 Bf6 25. Nxe6 fxe6 26. Bg3 e5 27. Bb5 Nd6 28. Bc6 Nxb7 29. Bxb7 Rad8 0-1

[Event "European Online Club-ch-B 2021"]
[Site "Online"]
[Date "2021.03.27"]
[Round "8.17"]
[White "Santos Latasa, Jaime"]
[Black "Gorodetzky, David"]
[Result "1-0"]
[ECO "E04"]
[WhiteElo "2608"]
[BlackElo "2495"]
[Annotator "ChessBase"]
[PlyCount "97"]
[EventDate "2021.03.27"]
[EventType "team-tourn"]
[EventCountry "NET"]
[SourceTitle "playchess.com"]
[Source "ChessBase"]
[SourceQuality "1"]
[TimeControl "900+5"]

1. d4 Nf6 2. c4 e6 3. Nf3 d5 4. g3 dxc4 5. Bg2 a6 6. Ne5 c5 7. dxc5 Qxd1+ 8. Kxd1 Bxc5 9. Nd2 Ra7 10. Ndxc4 b5 11. Na5 O-O 12. Bd2 Bd6 13. Nd3 e5 14. e4 Rd8 15. Ke2 Be6 16. Rhc1 Rad7 17. Be1 h5 18. f3 Ne8 19. Rc2 f6 20. Rac1 Kf7 21. Bb4 g5 22. b3 g4 23. f4 exf4 24. gxf4 f5 25. e5 Be7 26. Bxe7 Rxe7 27. Nc5 Bd5 28. Nab7 Bxb7 29. Nxb7 Rdd7 30. Nc5 Rd8 31. Ke3 Nf6 32. Rd2 Rc8 33. Rcc2 Nbd7 34. Nxd7 Rxc2 35. Rxc2 Nxd7 36. Kd4 Nf8 37. Bd5+ Kg7 38. Rc6 h4 39. Rf6 Rc7 40. Rxf5 Rc2 41. Rg5+ Kh6 42. Rxg4 Rxh2 43. e6 Ng6 44. Be4 Ne7 45. f5 Rf2 46. Rxh4+ Kg5 47. Rh7 Nxf5+ 48. Bxf5 Kxf5 49. Rf7+ 1-0

[Event "European Online Club-ch-B 2021"]
[Site "Online"]
[Date "2021.03.27"]
[Round "8.19"]
[White "Matnadze, Ana"]
[Black "Parkhov, Yair"]
[Result "1/2-1/2"]
[ECO "A62"]
[WhiteElo "2421"]
[BlackElo "2407"]
[Annotator "NA"]
[PlyCount "262"]
[EventDate "2021.03.27"]
[EventType "team-tourn"]
[EventCountry "NET"]
[SourceTitle "playchess.com"]
[Source "ChessBase"]
[SourceQuality "1"]
[TimeControl "900+5"]

1. d4 Nf6 2. Nf3 c5 3. d5 e6 4. c4 exd5 5. cxd5 d6 6. Nc3 g6 7. g3 Bg7 8. Bg2 O-O 9. O-O Re8 10. Bf4 Bf5 11. Qb3 Na6 12. Nd2 Nh5 13. Be3 Nb4 14. Nde4 a5 15. a3 a4 16. Nxa4 Nxd5 17. Bg5 Ndf6 18. Nac3 h6 19. Nxf6+ Nxf6 20. Bxf6 Qxf6 21. Rfd1 Rab8 22. Qb6 Qd8 23. Rxd6 Qxb6 24. Rxb6 Bxc3 25. bxc3 Rxe2 26. Rxb7 Rd8 27. a4 Rdd2 28. a5 Rxf2 29. Bc6 Ra2 30. Rxa2 Rxa2 31. Ra7 Be6 32. a6 Bc4 33. Ra8+ Kg7 34. Bb7 g5 35. Rc8 Bxa6 36. Bxa6 Rxa6 37. Rxc5 Ra2 38. h3 Kg6 39. Kh1 h5 40. Kg1 f6 41. Kh1 Rc2 42. Kg1 Kf7 43. Rc6 Kg7 44. Rc7+ Kg6 45. Rc5 f5 46. Rc6+ Kg7 47. Kh1 Rd2 48. Kg1 Kf7 49. Kh1 g4 50. hxg4 hxg4 51. Kg1 Ke7 52. Kf1 Rd3 53. Kg2 Rf3 54. c4 Kd7 55. Rf6 Ke7 56. Rc6 Rc3 57. Kf2 Kf7 58. Kg2 Rc2+ 59. Kf1 Ke7 60. Kg1 Ra2 61. Kf1 Kd7 62. Rf6 Ra5 63. Ke2 Ke7 64. Rc6 Ra3 65. Kf2 Rb3 66. Kg2 Re3 67. Kf2 Re5 68. Kg2 Kd7 69. Rf6 Rc5 70. Kf2 Ke7 71. Ra6 Rxc4 72. Ke3 Re4+ 73. Kf2 Re6 74. Ra7+ Kf6 75. Ra5 Rb6 76. Rc5 Ke6 77. Kg2 Rb2+ 78. Kf1 Rd2 79. Ra5 Rd5 80. Ra4 Ke5 81. Ke2 Rd4 82. Ra8 Re4+ 83. Kf2 Rb4 84. Re8+ Kd4 85. Rd8+ Ke4 86. Re8+ Kd3 87. Rd8+ Rd4 88. Rf8 Rd5 89. Rb8 Kd2 90. Rc8 Rd3 91. Re8 Rf3+ 92. Kg2 Re3 93. Rf8 Re2+ 94. Kf1 Re5 95. Kf2 Kd3 96. Rd8+ Ke4 97. Ra8 Rd5 98. Re8+ Kd4 99. Ra8 Kd3 100. Rb8 Ra5 101. Rd8+ Ke4 102. Re8+ Kd5 103. Rd8+ Ke6 104. Re8+ Kf6 105. Rb8 Ra2+ 106. Kf1 Rc2 107. Re8 Kg6 108. Re5 Kg5 109. Ra5 Kf6 110. Rb5 Ke6 111. Ra5 Rd2 112. Rb5 Rd5 113. Rb6+ Ke5 114. Ke2 f4 115. gxf4+ Kxf4 116. Kf2 Rd2+ 117. Kg1 Rd4 118. Rb3 Re4 119. Kg2 Re2+ 120. Kg1 Kg5 121. Ra3 Kh4 122. Rb3 Re4 123. Ra3 Kg5 124. Kg2 Kf4 125. Kg1 Re3 126. Rxe3 Kxe3 127. Kg2 Kf4 128. Kf2 g3+ 129. Kg2 Kg4 130. Kg1 Kh4 131. Kg2 Kg4 1/2-1/2

[Event "European Online Club-ch-B 2021"]
[Site "Online"]
[Date "2021.03.27"]
[Round "8.20"]
[White "Veinberg, Nimrod"]
[Black "De Rover, Yong Hoon"]
[Result "1-0"]
[ECO "E34"]
[WhiteElo "2404"]
[BlackElo "2349"]
[Annotator "NA"]
[PlyCount "61"]
[EventDate "2021.03.27"]
[EventType "team-tourn"]
[EventCountry "NET"]
[SourceTitle "playchess.com"]
[Source "ChessBase"]
[SourceQuality "1"]
[TimeControl "900+5"]

1. d4 Nf6 2. c4 e6 3. Nc3 Bb4 4. Qc2 d5 5. cxd5 Qxd5 6. e3 c5 7. a3 Bxc3+ 8. bxc3 O-O 9. Nf3 b6 10. c4 Qd6 11. e4 Qc7 12. Bd3 h6 13. d5 exd5 14. cxd5 c4 15. Bb2 Qe7 16. Bxc4 Qxe4+ 17. Qxe4 Nxe4 18. O-O Nd6 19. Ba2 Ba6 20. Rfc1 Nd7 21. Rc6 Ne4 22. d6 Ndc5 23. Ne5 Bb5 24. Rc7 Nxd6 25. Rd1 Rad8 26. h3 a5 27. Ng6 Nc4 28. Ne7+ Kh8 29. Rxd8 Rxd8 30. Bxc4 Bxc4 31. Nf5 1-0

[Event "European Online Club-ch-B 2021"]
[Site "Online"]
[Date "2021.03.27"]
[Round "9.1"]
[White "Gorodetzky, David"]
[Black "Chlpik, Martin"]
[Result "1-0"]
[ECO "B20"]
[WhiteElo "2495"]
[BlackElo "2199"]
[Annotator "ChessBase"]
[PlyCount "129"]
[EventDate "2021.03.27"]
[EventType "team-tourn"]
[EventCountry "NET"]
[SourceTitle "playchess.com"]
[Source "ChessBase"]
[SourceQuality "1"]
[TimeControl "900+5"]

1. f4 Nf6 2. Nf3 g6 3. g3 Bg7 4. Bg2 O-O 5. O-O d6 6. d3 c5 7. e4 Nc6 8. Kh1 Rb8 9. a4 a6 10. c3 b5 11. axb5 axb5 12. Qc2 Bd7 13. Be3 Qc8 14. Nbd2 b4 15. Nc4 Bh3 16. Bg1 Bxg2+ 17. Kxg2 bxc3 18. bxc3 Nd7 19. Ra3 Nb6 20. Ncd2 Ra8 21. Rfa1 Qb7 22. Qb3 Rxa3 23. Rxa3 Rb8 24. Ng5 e6 25. Qa2 h6 26. Ngf3 Ra8 27. Rxa8+ Nxa8 28. Nc4 Bf8 29. g4 Nc7 30. h4 Nb5 31. Qb3 d5 32. Ncd2 Na5 33. Qa4 Qb6 34. Qc2 Qc7 35. Be3 c4 36. d4 Nb3 37. exd5 exd5 38. f5 Qa5 39. fxg6 Qxc3 40. Qf5 Nd6 41. gxf7+ Nxf7 42. Bf4 Nxd4 43. Qxd5 Ne2 44. Bh2 Qd3 45. Qxc4 Qxc4 46. Nxc4 Nc3 47. Ne3 Ne4 48. Bf4 Kh7 49. Nd5 Kg6 50. Be3 Kh7 51. Kf1 Bg7 52. Bf4 Nf6 53. Nxf6+ Bxf6 54. h5 Nd8 55. Ke2 Ne6 56. Be3 Be7 57. Kd3 Kg7 58. Ke4 Nf8 59. Nd4 Kh7 60. Nf5 Bg5 61. Bxg5 hxg5 62. Nd4 Kh6 63. Kf5 Nh7 64. Ne6 Nf8 65. Nxf8 1-0

[Event "European Online Club-ch-B 2021"]
[Site "Online"]
[Date "2021.03.27"]
[Round "9.2"]
[White "Solcan, Martin"]
[Black "Parkhov, Yair"]
[Result "0-1"]
[ECO "A00"]
[WhiteElo "2076"]
[BlackElo "2407"]
[Annotator "NA"]
[PlyCount "148"]
[EventDate "2021.03.27"]
[EventType "team-tourn"]
[EventCountry "NET"]
[SourceTitle "playchess.com"]
[Source "ChessBase"]
[SourceQuality "1"]
[TimeControl "900+5"]

1. g3 d5 2. Bg2 e5 3. c4 d4 4. d3 Nf6 5. Bg5 Nbd7 6. Nf3 Be7 7. O-O h6 8. Bxf6 Bxf6 9. b4 a5 10. b5 Nc5 11. a4 O-O 12. Nbd2 Bg4 13. Nb3 Nxb3 14. Qxb3 c5 15. bxc6 bxc6 16. Rab1 Rb8 17. Qc2 Qc7 18. h3 Bd7 19. Nd2 Be7 20. c5 Qa7 21. Rfc1 Rxb1 22. Rxb1 Bxc5 23. Nb3 Bb4 24. Rc1 Bc3 25. Nd2 Rb8 26. Ne4 Rb2 27. Qd1 Bb4 28. Rc2 Rxc2 29. Qxc2 Qb6 30. Qb3 Be6 31. Qb2 f5 32. Nd6 Qc5 33. Nb7 Qc3 34. Qb1 c5 35. Nd8 Bb3 36. Nc6 Qe1+ 37. Qxe1 Bxe1 38. Nxe5 Bxa4 39. Bd5+ Kf8 40. Be6 Ke7 41. Bxf5 Kd6 42. Nc4+ Kc7 43. e4 Bb3 44. e5 a4 45. e6 Bxc4 46. dxc4 Kd6 47. Kf1 Bc3 48. f4 a3 49. Bb1 Kxe6 50. Ke2 Kf6 51. Kf3 d3 52. Ke3 d2 53. Ke2 Ke6 54. Kd1 Bb4 55. Ke2 Ke7 56. Kd1 Kd6 57. Ke2 Kc7 58. Kd1 Bc3 59. Ba2 Kd6 60. Bb1 Ke6 61. Ke2 Kf6 62. Kd1 g5 63. Ke2 h5 64. fxg5+ Kxg5 65. Kd1 h4 66. gxh4+ Kxh4 67. Ke2 Kxh3 68. Kd1 Kg3 69. Ke2 Kf4 70. Ba2 Ke4 71. Bb3 Kd4 72. Ba2 Bb4 73. Kd1 Kc3 74. Bb1 Kb2 0-1

[Event "European Online Club-ch-B 2021"]
[Site "Online"]
[Date "2021.03.27"]
[Round "9.3"]
[White "Veinberg, Nimrod"]
[Black "Lecky, Juraj"]
[Result "1-0"]
[ECO "A67"]
[WhiteElo "2404"]
[BlackElo "2070"]
[Annotator "NA"]
[PlyCount "51"]
[EventDate "2021.03.27"]
[EventType "team-tourn"]
[EventCountry "NET"]
[SourceTitle "playchess.com"]
[Source "ChessBase"]
[SourceQuality "1"]
[TimeControl "900+5"]

1. d4 Nf6 2. c4 e6 3. Nc3 c5 4. d5 exd5 5. cxd5 d6 6. e4 g6 7. f4 Bg7 8. Bb5+ Nfd7 9. a4 O-O 10. Nf3 Na6 11. O-O Nb4 12. Be3 a6 13. Be2 Qe7 14. Bf2 f5 15. e5 dxe5 16. d6 Qe8 17. Bc4+ Kh8 18. fxe5 Nxe5 19. Nxe5 Bxe5 20. Bxc5 Nc6 21. Nd5 Qf7 22. Nb6 Be6 23. Bxe6 Qxe6 24. Nxa8 Rxa8 25. Re1 Qf6 26. d7 1-0